 Dungeon Crawl Stone Soup version 0.28.0-1-gb440e238dd (webtiles) character file.

Game seed: 9697723433918913660

164 hikkokomori the Digger (level 5, -3/28 HPs)
             Began as a Gargoyle Earth Elementalist on Feb 21, 2022.
             Slain by an orc (6 damage)
             ... on level 3 of the Dungeon.
             The game lasted 00:04:53 (3900 turns).

hikkokomori the Digger (GrEE)                       Turns: 3900, Time: 00:04:54

Health: -3/28      AC:  8    Str: 13    XL:     5   Next: 45%
Magic:  5/10       EV: 11    Int: 16    God:
Gold:   163        SH:  0    Dex: 10    Spells: 9/10 levels left

rFire   . . .      SeeInvis .   j - +0 halberd
rCold   . . .      Faith    .   (shield currently unavailable)
rNeg    + + .      Spirit   .   k - +1 leather armour of Precision Catastrophes {rElec rN+}
rPois   ∞          Reflect  .   (no helmet)
rElec   +          Harm     .   q - scarf {shadows}
rCorr   .          Rampage  .   (no gloves)
Will    +....                   (no boots)
Stlth   ++........              (no amulet)
HPRegen 0.09/turn               f - ring of willpower
MPRegen 0.12/turn               (no ring)

@: no status effects
A: sickness immunity, AC +4, negative energy resistance 1, electricity
resistance, torment resistance 1, petrification resistance
a: no special abilities


You were on level 3 of the Dungeon.
You visited 1 branch of the dungeon, and saw 3 of its levels.

You collected 163 gold pieces.

Inventory:

Hand Weapons
 a - a +0 hand axe
 e - a +0 mace
 j - a +0 halberd (weapon)
Missiles
 c - 81 stones
Armour
 b - a +0 robe
 i - a +0 leather armour
 k - the +1 leather armour of Precision Catastrophes (worn) {rElec rN+}
   (You found it on level 2 of the Dungeon)

   rElec:     It insulates you from electricity.
   rN:        It protects you from negative energy.
 q - a scarf of shadows (worn)
Jewellery
 f - a ring of willpower (left hand)
 m - a ring of see invisible
Scrolls
 g - 3 scrolls of identify {unknown}
 h - a scroll of immolation {unknown}
 l - a scroll of holy word {unknown}
 n - a scroll of teleportation {unknown}
 s - a scroll of noise {unknown}
Potions
 d - a potion of ambrosia {unknown}
 o - a potion of mutation {unknown}
 p - a potion of lignification {unknown}
 r - a potion of curing {unknown}
 t - a potion of resistance {unknown}


   Skills:
 - Level 1.5 Dodging
 + Level 4.1 Stealth
 + Level 3.3 Spellcasting
 - Level 0.7 Transmutations
 + Level 5.1 Earth Magic


You had 9 spell levels left.
You knew the following spells:

 Your Spells              Type           Power      Damage    Failure   Level
a - Sandblast             Erth           36%        2d10      2%          1

Your spell library contained the following spells:

 Spells                   Type           Power      Damage    Failure   Level
 Passwall                 Tmut/Erth      9%         N/A       11%         2
 Stone Arrow              Conj/Erth      20%        3d8       24%         3
 Ensorcelled Hibernation  Hex/Ice        4%         N/A       34%         2
 Spider Form              Tmut/Pois      3%         N/A       52%         3
 Petrify                  Tmut/Erth      11%        N/A       56%         4
 Anguish                  Hex/Necr       1%         N/A       92%         4


Dungeon Overview and Level Annotations

Branches:
Dungeon (3/15)

Altars:


Innate Abilities, Weirdness & Mutations

You are immune to sickness and miasma.
Your stone body is resilient. (AC +4)
You are immune to poison.
You resist negative energy. (rN+)
You are resistant to electric shocks. (rElec)
You are resistant to unholy torment.
You are immune to petrification.


Message History

The jackal bites you but does no damage.
You slash the jackal!
You kill the jackal!
The orc throws a boomerang.
The boomerang hits you but does no damage.
The orc throws a boomerang.
The boomerang barely misses you.
Casting: Sandblast (safe; 2% risk of failure)
Confirm with . or Enter, or press ? or * to list all spells.
Aiming: Sandblast (safe; 2% risk of failure)
Press: ? - help, Shift-Dir - straight line, f - orc
Aim: an orc, wielding a +0 hand axe, wearing a +0 chain mail and quivering boomerangs (85% to hit)
The blast of sand hits the orc but does no damage.
Unknown command.
Casting: Sandblast (safe; 2% risk of failure)
Confirm with . or Enter, or press ? or * to list all spells.
Aiming: Sandblast (safe; 2% risk of failure)
Press: ? - help, Shift-Dir - straight line, f/p - orc
Aim: an orc, wielding a +0 hand axe, wearing a +0 chain mail and quivering boomerangs (85% to hit)
The blast of sand misses the orc.
The blast of sand hits the orc!
You kill the orc!
The orc hits you with a +0 hand axe.
* * * LOW HITPOINT WARNING * * *
Unknown command.
Casting: Sandblast (safe; 2% risk of failure)
Confirm with . or Enter, or press ? or * to list all spells.
Aiming: Sandblast (safe; 2% risk of failure)
Press: ? - help, Shift-Dir - straight line, f/p - orc
Aim: an orc, wielding a +0 hand axe, wearing a +0 chain mail and quivering boomerangs (85% to hit)
The blast of sand hits the orc but does no damage.
The orc hits you but does no damage.
Unknown command.
Casting: Sandblast (safe; 2% risk of failure)
Confirm with . or Enter, or press ? or * to list all spells.
Aiming: Sandblast (safe; 2% risk of failure)
Press: ? - help, Shift-Dir - straight line, f/p - orc
Aim: an orc, wielding a +0 hand axe, wearing a +0 chain mail and quivering boomerangs (85% to hit)
The blast of sand hits the orc.
The orc is almost dead.
The orc hits you with a +0 hand axe.
You die...

#..........# #####
#..........#######
....#####..................#
###.#......................#
....#.....#########........#
.#........# #........#
.#........# #........#
.....##.###########........###.#
................@o)...........>#
.##..##..#####.####......[)###+
###..##...# #.# ########......
.....##.#.# #.# ......
###.....#.####.#### ......
#######.##......# ......
#######.##......# ......
#........#......# ......
#........###.####


You could see an orc.

Vanquished Creatures
  A hound zombie (D:3)
  3 gnolls (D:2)
  5 adders
  2 worms
  A dart slug (D:1)
  4 orcs (D:3)
  6 ball pythons
  4 endoplasms
  2 giant cockroaches
  10 goblins
  3 hobgoblins
  7 jackals
  A quokka (D:1)
  4 bats
  3 frilled lizards
  3 kobolds (D:1)
  4 rats
63 creatures vanquished.

Vanquished Creatures (others)
  2 plants (D:1)
2 creatures vanquished.

Grand Total: 65 creatures vanquished

Notes
Turn   | Place    | Note
-------+----------+-------------------------------------------
     0 | D:1      | hikkokomori the Gargoyle Earth Elementalist began the quest
                  | for the Orb.
     0 | D:1      | Reached XP level 1. HP: 10/10 MP: 3/3
   375 | D:1      | Reached XP level 2. HP: 12/15 MP: 5/5
   748 | D:1      | Reached skill level 4 in Earth Magic
  1169 | D:1      | Reached XP level 3. HP: 12/19 MP: 0/6
  2030 | D:2      | Reached XP level 4. HP: 8/24 MP: 1/8
  2300 | D:2      | Found a faded altar of an unknown god.
  2377 | D:2      | Identified the +1 leather armour of Precision Catastrophes
                  | {rElec rN+}
  3478 | D:3      | Reached XP level 5. HP: 28/28 MP: 9/9
  3705 | D:3      | Reached skill level 5 in Earth Magic
  3900 | D:3      | Slain by an orc

Illustrated notes

Levels and vault maps discovered:
D:1:      giann_bridges, layout_basic, grunt_decor_fettered,
          minmay_misc_feat_roman, minmay_split_cup_large
D:2:      layout_basic, hellmonk_ecumenical_altar_pennies_from_heaven,
          minmay_tromino_i2
D:3:      layout_basic

Skill      XL: |  1  2  3  4  5 |
---------------+----------------+-----
Earth Magic    | 4 5 |  5.1
Stealth        | 3 4 |  4.1
Spellcasting   | 3 |  3.3
Dodging        | |  1.5
Transmutations | |  0.7

Action                   |  1- 3 |  4- 6 || total
-------------------------+-------+-------++-------
Melee: Hand axe          |    33 |       ||    33
       Mace              |    47 |     6 ||    53
       Halberd           |       |   216 ||   216
 Cast: Sandblast         |    20 |     6 ||    26
 Stab: Sleeping          |     8 |     3 ||    11
       Distracted        |       |     1 ||     1
Armor: Robe              |    17 |       ||    17
       Leather armour    |    19 |   128 ||   147
Dodge: Dodged            |    54 |   188 ||   242
